 Dungeon Crawl Stone Soup version 0.29-a0-414-g5075937ec3 (webtiles) character file.

Game seed: 13455800968245991379

15870 Bruhh the Fighter (level 12, -21/77 HPs)
             Began as a Gargoyle Fighter on May 14, 2022.
             Was a Believer of the Shining One.
             Demolished by a komodo dragon (22 damage)
             ... on level 4 of the Lair of Beasts.
             The game lasted 00:19:08 (17620 turns).

Bruhh the Fighter (Gargoyle Fighter)               Turns: 17620, Time: 00:19:08

Health: -21/77     AC: 16    Str: 27    XL:     12   Next: 31%
Magic:  6/6        EV: 15    Int: 12    God:    the Shining One [**....]
Gold:   658        SH:  7    Dex: 18    Spells: 11/11 levels left

rFire   . . .      SeeInvis .   f - +3 morningstar (antimagic)
rCold   . . .      Faith    .   c - +0 buckler
rNeg    + + .      Spirit   .   w - +0 robe "Plog" {Str+3 Int+2 Dex+3}
rPois   ∞          Reflect  .   u - +0 helmet
rElec   +          Harm     .   s - +0 cloak
rCorr   .          Rampage  .   (no gloves)
Will    .....                   N - +0 pair of boots
Stlth   +.........              (no amulet)
HPRegen 0.22/turn               p - +4 ring of evasion
MPRegen 0.10/turn               z - +6 ring of dexterity

@: glowing
A: sickness immunity, AC +8, negative energy resistance 1, electricity
resistance, torment resistance 1, petrification resistance
a: Renounce Religion, Divine Shield


You were on level 4 of the Lair of Beasts.
You worshipped the Shining One.
The Shining One was pleased with you.
You visited 2 branches of the dungeon, and saw 13 of its levels.
You also visited: Sewer.

You collected 658 gold pieces.

Inventory:

Hand Weapons
 a - a +0 flail
 f - a +3 antimagic morningstar (weapon)
Missiles
 o - 20 poisoned darts (quivered)
 E - 4 atropa-tipped darts
Armour
 b - a +0 scale mail
 c - a +0 buckler (worn)
 q - a +0 chain mail
 s - a +0 cloak (worn)
 u - a +0 helmet (worn)
 w - the +0 robe "Plog" (worn) {Str+3 Int+2 Dex+3}
   (You found it on level 3 of the Dungeon)

   Str:       It affects your strength (+3).
   Int:       It affects your intelligence (+2).
   Dex:       It affects your dexterity (+3).
 G - a +2 hat
 J - a +0 plate armour
 N - a +0 pair of boots (worn)
Jewellery
 m - an amulet of magic regeneration
 p - a +4 ring of evasion (left hand)
 z - a +6 ring of dexterity (right hand)
 D - a ring of resist corrosion
 F - a +4 ring of evasion
Wands
 r - a wand of paralysis (5)
 L - a wand of digging (2)
 M - a wand of iceblast (9)
 S - a wand of charming (7)
Scrolls
 h - 2 scrolls of fear
 i - a scroll of fog
 n - 5 scrolls of amnesia
 t - 3 scrolls of noise
 x - 3 scrolls of immolation
 y - 2 scrolls of poison {unknown}
 B - 4 scrolls of enchant weapon
 C - 6 scrolls of vulnerability
 I - 5 scrolls of identify
 O - 4 scrolls of teleportation {unknown}
 R - a scroll of magic mapping
Potions
 d - a potion of haste {unknown}
 e - 2 potions of invisibility
 g - 6 potions of mutation
 j - 6 potions of brilliance
 k - 2 potions of lignification
 l - 3 potions of magic
 v - 2 potions of attraction {unknown}
 A - a potion of flight {unknown}
 H - 2 potions of heal wounds {unknown}
 K - a potion of degeneration {unknown}
 P - a potion of berserk rage {unknown}
 Q - a potion of cancellation {unknown}
 T - a potion of ambrosia


   Skills:
 + Level 10.1 Fighting
 + Level 10.0 Maces & Flails
 - Level 10.0 Armour
 + Level 9.8 Shields
 - Level 10.0 Invocations


You had 11 spell levels left.
You didn't know any spells.
Your spell library contained the following spells:

 Spells                   Type           Power      Damage    Failure   Level
 Shock                    Conj/Air       0%         1d3       36%         1
 Ensorcelled Hibernation  Hex/Ice        0%         N/A       52%         2
 Passwall                 Tmut/Erth      0%         N/A       52%         2
 Swiftness                Air            0%         N/A       75%         3
 Airstrike                Air            0%         N/A       98%         4
 Passage of Golubria      Tloc           0%         N/A       98%         4
 Iskenderun's Battlesphe  Conj           0%         2d6       100%        5
 Silence                  Hex/Air        0%         N/A       100%        5
 Iron Shot                Conj/Erth      0%         9d1       100%        6
 Spellforged Servitor     Conj/Summ      0%         N/A       100%        7
 Lehudib's Crystal Spear  Conj/Erth      0%         10d2      100%        8


Dungeon Overview and Level Annotations

Branches:
Dungeon (9/15)             Temple (0/1) D:4            Lair (4/6) D:9
  Swamp (0/4) Lair:3       Spider (0/4) Lair:2          Orc (0/2) D:9
  Sewer (visited)

Altars:
Ashenzari
Dithmenos
Elyvilon
Fedhas
Hepliaklqana
Makhleb
Nemelex Xobeh
Okawaru
Ru
Trog
The Shining One


Innate Abilities, Weirdness & Mutations

You are immune to sickness and miasma.
Your stone body is resilient. (AC +8)
You are immune to poison.
You resist negative energy. (rN+)
You are resistant to electric shocks. (rElec)
You are resistant to unholy torment.
You are immune to petrification.


Message History

HP restored.
There is a stone staircase leading down here.
You start waiting.
Done waiting.
You start waiting.
Done waiting.
You climb downwards.
The komodo dragon hisses menacingly.
Found a scroll labelled ACUCWEI GAZILL and 14 gold pieces.
There is a stone staircase leading up here.
A komodo dragon is nearby!
A komodo dragon is nearby!
You see here a scroll labelled ACUCWEI GAZILL.
You hit the komodo dragon but do no damage.
You block the komodo dragon's attack.
You hit the komodo dragon but do no damage.
The komodo dragon closely misses you.
You puncture the komodo dragon!
The komodo dragon is moderately wounded.
The komodo dragon bites you!!
You sock the komodo dragon!
The komodo dragon is moderately wounded.
The komodo dragon misses you. The komodo dragon barely misses you.
You hit the komodo dragon.
The komodo dragon is heavily wounded.
The komodo dragon bites you!
You are too injured to fight recklessly!
You are too injured to fight recklessly!
You puncture the komodo dragon!
The komodo dragon is severely wounded.
The komodo dragon bites you!!
* * * LOW HITPOINT WARNING * * *
You hit the komodo dragon.
The komodo dragon is severely wounded.
The komodo dragon bites you!
* * * LOW HITPOINT WARNING * * *
You sock the komodo dragon!
The komodo dragon is almost dead.
The komodo dragon bites you!!
You die...

...............
...............
...............
......≈≈≈....#
......≈≈≈≈≈≈.##.
#≈..≈≈≈≈≈≈≈≈..#
#.≈≈≈l≈≈≈≈≈≈...
.#≈≈≈≈@.≈≈≈≈...
...≈≈≈≈.<≈≈≈≈...
..#.≈≈≈≈..≈≈≈≈..
#≈≈≈≈≈≈≈≈≈≈.≈.
#...≈≈≈≈≈≈≈≈.#.
.....≈≈≈≈≈≈≈....
........≈...^...
......$.........
...............


You could see a komodo dragon.

Vanquished Creatures
  A hydra (Lair:3)
  A death yak (Lair:3)
  2 black mambas (Lair:3)
  An elephant (Lair:2)
  4 cane toads
  A rime drake (Lair:2)
  3 komodo dragons
  Prince Ribbit (D:5)
  10 blink frogs
  A tyrant leech (Lair:3)
  A wyvern (D:9)
  24 yaks
  2 redbacks (Lair:2)
  3 basilisks
  2 swamp worms (Lair:3)
  2 wargs (D:9)
  11 water moccasins
  An acid dragon (D:9)
  An ice beast (D:6)
  4 orc warriors
  A black bear (Lair:3)
  5 centaurs
  An ogre (D:4)
  4 kobold brigands
  10 bullfrogs
  A necrophage (D:7)
  3 killer bees (D:9)
  A howler monkey (D:6)
  2 electric eels (D:8)
  A jelly (D:5)
  Crazy Yiuf (D:2)
  7 orc priests
  2 iguanas (D:5)
  16 orc wizards
  13 adders
  2 river rats (Sewer)
  2 shadow imps
  An ufetubus (D:5)
  4 worms
  4 dart slugs
  35 orcs
  7 endoplasms
  3 giant cockroaches
  7 goblins
  5 hobgoblins
  8 jackals (D:1)
  19 kobolds
  3 quokkas
  11 ball pythons
  12 bats
  7 frilled lizards
  9 rats
283 creatures vanquished.

Vanquished Creatures (others)
  11 fungi
  16 plants
27 creatures vanquished.

Grand Total: 310 creatures vanquished

Notes
Turn   | Place    | Note
-------+----------+-------------------------------------------
     0 | D:1      | Bruhh the Gargoyle Fighter began the quest for the Orb.
     0 | D:1      | Reached XP level 1. HP: 14/14 MP: 1/1
   263 | D:1      | Reached XP level 2. HP: 14/19 MP: 2/2
   793 | D:1      | Reached XP level 3. HP: 24/24 MP: 3/3
  1978 | D:2      | Reached XP level 4. HP: 25/30 MP: 4/4
  2374 | D:2      | Found a runed translucent door.
  2375 | D:2      | Noticed Crazy Yiuf
  2387 | D:2      | Killed Crazy Yiuf
  2685 | D:3      | Reached XP level 5. HP: 34/34 MP: 5/5
  2995 | D:3      | Reached skill level 5 in Shields
  3036 | D:3      | Reached skill level 5 in Fighting
  3043 | D:3      | Identified the +0 robe "Plog" {Str+3 Int+2 Dex+3}
  3303 | D:3      | Found a faded altar of an unknown god.
  3499 | D:4      | Found a sacrificial altar of Ru.
  3745 | D:4      | Found a hazy altar of Hepliaklqana.
  3807 | D:4      | Found a glowing golden altar of the Shining One.
  3810 | D:4      | Became a worshipper of the Shining One
  3876 | D:4      | Noticed an ogre
  3884 | D:4      | Killed an ogre
  3885 | D:4      | Reached XP level 6. HP: 40/40 MP: 6/6
  3897 | D:4      | Found a staircase to the Ecumenical Temple.
  4227 | D:5      | Entered Level 5 of the Dungeon
  4515 | D:5      | Noticed Prince Ribbit
  4538 | D:5      | Killed Prince Ribbit
  4539 | D:5      | Reached XP level 7. HP: 30/46 MP: 7/7
  4985 | D:5      | Found a shadowy altar of Dithmenos.
  5206 | D:5      | Noticed a yak
  5206 | D:5      | Noticed a yak
  5207 | D:5      | Noticed a yak
  5207 | D:5      | Noticed a yak
  5215 | D:5      | Noticed a yak
  5216 | D:5      | Noticed a yak
  5227 | D:5      | HP: 1/46 [yak (14)]
  5234 | D:5      | HP: 2/46 [yak (7)]
  5626 | D:4      | Identified a scroll of acquirement
  5634 | D:4      | Acquired a +3 antimagic morningstar
  5744 | D:6      | Found a white marble altar of Elyvilon.
  5770 | D:6      | Found a burning altar of Makhleb.
  5908 | D:6      | Reached skill level 5 in Maces & Flails
  5924 | D:6      | Identified the +2 quarterstaff "Moaj" {protect, Str+8
                  | Dex+2}
  5943 | D:6      | Found a sparkling altar of Nemelex Xobeh.
  6079 | D:6      | Found a glowing drain.
  6096 | Sewer    | Entered a sewer
  6305 | Sewer    | Reached XP level 8. HP: 51/51 MP: 2/8
  6662 | D:6      | Found a broken altar of Ashenzari.
  7483 | D:7      | Found a blossoming altar of Fedhas.
  8806 | D:8      | Reached XP level 9. HP: 53/60 MP: 3/9
  9060 | D:8      | Reached * piety under the Shining One
  9379 | D:8      | Found a bloodstained altar of Trog.
  9379 | D:8      | Found an iron altar of Okawaru.
 10427 | D:5      | Reached skill level 10 in Fighting
 11440 | D:9      | Noticed a komodo dragon
 11442 | D:9      | Found a staircase to the Lair.
 11459 | D:9      | Killed a komodo dragon
 11460 | D:9      | Reached skill level 10 in Maces & Flails
 11460 | D:9      | Reached XP level 10. HP: 68/68 MP: 4/12
 11734 | D:9      | Reached skill level 5 in Invocations
 11842 | D:9      | Found a staircase to the Orcish Mines.
 12913 | Lair:1   | Entered Level 1 of the Lair of Beasts
 13310 | Lair:1   | Noticed a cane toad
 13320 | Lair:1   | Killed a cane toad
 13321 | Lair:1   | Reached skill level 5 in Armour
 13321 | Lair:1   | Reached XP level 11. HP: 72/72 MP: 5/17
 13843 | Lair:2   | Reached skill level 10 in Invocations
 13993 | Lair:2   | Reached ** piety under the Shining One
 13995 | Lair:2   | Found a hole to the Spider Nest.
 15805 | Lair:3   | Noticed a four-headed hydra
 15812 | Lair:3   | Reached skill level 10 in Armour
 15819 | Lair:3   | Killed a four-headed hydra
 15820 | Lair:3   | Reached XP level 12. HP: 31/77 MP: 6/19
 16197 | Lair:3   | Found a staircase to the Swamp.
 17351 | Lair:4   | Noticed a death yak
 17351 | Lair:4   | Noticed a death yak
 17351 | Lair:4   | Noticed a death yak
 17351 | Lair:4   | Noticed a death yak
 17364 | Lair:3   | Killed a death yak
 17619 | Lair:4   | HP: 1/77 [komodo dragon (11)]
 17620 | Lair:4   | Demolished by a komodo dragon

Illustrated notes

Levels and vault maps discovered:
D:1:      dpeg_arrival_snail, layout_basic
D:2:      layout_rooms, uniq_crazy_yiuf_cottage
D:3:      layout_rooms, shapermc_ecumenical_altar_hornbeckon
D:4:      layout_basic, old_standard_altar, old_standard_altar,
          tso_oasis_becter, minmay_temple_entry_hall
D:5:      layout_gridville, nicolae_dithmenos_through_a_glass_darkly,
          uniq_prince_ribbit1
D:6:      layout_loops_ring, nemelex_xobeh_ov_fountains_minmay,
          nicolae_ashenzari_skybound, mainiacjoe_overflow_large_starburst,
          serial_aquarium, aquarium_bridge_square [aquarium_subvault_wall,
          aquarium_subvault_bridge, aquarium_subvault_bridge,
          aquarium_subvault_wall], aquarium_window_corridor_1,
          aquarium_window_fake, aquarium_view_2b, aquarium_view_2a,
          aquarium_balcony_double_1, aquarium_pool_2,
          cheibrodos_sewer_entry_sluice
D:7:      layout_layer_cave, fedhas_altar_1, corexii_corridor_pit
D:8:      layout_basic, grunt_temple_overflow_bloody_war, minivault_4,
          serial_bayou_crossing
D:9:      layout_roguey, david_lair_shrubbed, erik_orc_4, hive_lemuel
Lair:1:   layout_big_grid, infiniplex_staircase_pool
Lair:2:   layout_roguey, spider_nest_entry_webs
Lair:3:   layout_hall_layers, minmay_swamp_entry_worms, st_stairs_13,
          cheibrodos_lair_reptile_den
Lair:4:   layout_regular_city, basic_altar, grunt_megastairs_5,
          infiniplex_staircase_pool_2

Skill      XL: |  1  2  3  4  5  6  7  8  9 10 11 12 |
---------------+-------------------------------------+-----
Fighting       | 4 5 6 8 10 | 10.1
Shields        | 4 5 6 8 9 |  9.8
Maces & Flails | 4 5 7 10 | 10.0
Invocations    | 3 9 10 | 10.0
Armour         | 5 10 | 10.0

Action                   |  1- 3 |  4- 6 |  7- 9 | 10-12 || total
-------------------------+-------+-------+-------+-------++-------
Melee: Flail             |   159 |   172 |    26 |       ||   357
       Morningstar       |       |       |   238 |   420 ||   658
Throw: Dart              |       |     3 |     1 |       ||     4
Evoke: Wand              |       |       |     4 |     7 ||    11
  Use: Potion            |       |     2 |     2 |     4 ||     8
       Scroll            |       |       |    13 |       ||    13
Armor: Scale mail        |   115 |    10 |       |       ||   125
       Chain mail        |       |    41 |       |       ||    41
       Robe              |       |    33 |    78 |   152 ||   263
       Skin              |       |       |       |    10 ||    10
Dodge: Dodged            |   111 |   124 |   182 |   278 ||   695
Block: Buckler           |    47 |    48 |    83 |   112 ||   290

Table legend: (Time is in decaauts)
 A = Elapsed time spent in this place.
 B = Non-inter-level travel time spent in this place.
 C = Inter-level travel time spent in this place.
 D = Time resting spent in this place.
 E = Time spent auto-exploring this place.
 F = Levels seen in this place.
 G = Mean time per level.
                   A        B        C        D        E       F      G
               +--------+--------+--------+--------+--------+-----+--------+
         Total |  17907 |  17373 |    534 |   2750 |  12091 |  14 | 1279.1 |
       Dungeon |  12719 |  12261 |    458 |   1509 |   8917 |   9 | 1413.2 |
          Lair |   4724 |   4648 |     76 |   1241 |   2841 |   4 | 1181.0 |
         Sewer |    463 |    463 |      0 |      0 |    332 |   1 |  463.0 |
               +--------+--------+--------+--------+--------+-----+--------+

Top non-repeatable levels by time:
     D:8: 1993 daAuts
     D:1: 1892 daAuts
     D:5: 1843 daAuts
  Lair:3: 1761 daAuts
  Lair:2: 1630 daAuts
     D:9: 1595 daAuts
     D:7: 1495 daAuts
     D:4: 1379 daAuts
  Lair:1: 1321 daAuts
     D:3: 844 daAuts
     D:2: 838 daAuts
     D:6: 836 daAuts
   Sewer: 463 daAuts
  Lair:4: 11 daAuts
